 Dungeon Crawl Stone Soup version 0.27-a0-32-g443bf2d2ca (webtiles) character file.

Game seed: 18183257443777663064

267869 cica the Eclecticist (level 20, -1/171 HPs)
             Began as an Octopode Delver on Sept 5, 2020.
             Was the Champion of Ashenzari.
             Killed from afar by Margery (25 damage)
             ... with a fireball
             ... on level 4 of the Vaults on Jan 4, 2021.
             The game lasted 04:17:08 (55631 turns).

cica the Eclecticist (Octopode Delver)             Turns: 55631, Time: 04:17:09

Health: -1/171     AC: 28    Str: 24    XL:     20   Next: 14%
Magic:  37/60      EV: 23    Int: 18    God:    Ashenzari [******]
Gold:   2478       SH: 17    Dex: 22    Spells: 13/55 levels left

rFire    . . .     SeeInvis +   J - +9 dagger (elec) (curse)
rCold    . . .     Faith    .   M - +3 warlock's mirror {reflect} (curse)
rNeg     + . .     Spirit   .   H - +2 hat {SInv} (curse)
rPois    ∞         Reflect  +   s - amulet of reflection (curse)
rElec    +         Harm     .   n - +6 ring of dexterity (curse)
rCorr    .         Rampage  .   F - +6 ring of strength (curse)
Will     ++...     Clarity  +   U - ring of stealth
Stlth    +++++++++.             z - +6 ring of strength (curse)
HPRegen  0.38/turn              Y - ring of wizardry
MPRegen  0.37/turn              v - ring of magical power (curse)
                                R - ring of magical power
                                x - ring of willpower

@: statue-form (expiring), very slow
A: almost no armour, stealthy swim, amphibious, 8 rings, constrict 8, camouflage
1
}: 2/15 runes: decaying, gossamer
a: End Transformation, Renounce Religion, Curse Item, Scrying, Transfer
Knowledge


You were on level 4 of the Vaults.
You worshipped Ashenzari.
Ashenzari was exalted by your worship.
You were a stone statue.
You visited 7 branches of the dungeon, and saw 36 of its levels.
You visited the Abyss 1 time.

You collected 3685 gold pieces.
You spent 1207 gold pieces at shops.

Inventory:

Hand Weapons
 J - a cursed +9 dagger of electrocution (weapon)
Armour
 H - a cursed +2 hat of see invisible (worn)
 M - the cursed +3 warlock's mirror (worn) {reflect}
   (You bought it in a shop on level 5 of the Dungeon)

   It has a curse placed upon it.
Jewellery
 j - an uncursed ring of positive energy
 n - a cursed +6 ring of dexterity (left tentacle)
 s - a cursed amulet of reflection (around mantle)
 v - a cursed ring of magical power (on tentacle)
 x - a ring of willpower (on tentacle)
 z - a cursed +6 ring of strength (on tentacle)
 F - a cursed +6 ring of strength (right tentacle)
 G - an uncursed ring of ice
 L - an uncursed ring of fire
 R - a ring of magical power (on tentacle)
 U - a ring of stealth (on tentacle)
 W - an uncursed ring of flight
 Y - a ring of wizardry (on tentacle)
Wands
 f - a wand of digging (14)
 r - a wand of paralysis (11)
 u - a wand of disintegration (25)
 w - a wand of random effects (45)
 E - a wand of acid (24)
 I - a wand of flame (45)
 S - a wand of iceblast (9)
 T - a wand of enslavement (35)
Scrolls
 a - 21 scrolls of identify
 b - 4 scrolls of fog
 c - 4 scrolls of magic mapping
 e - 11 scrolls of enchant armour
 g - 13 scrolls of remove curse
 i - 2 scrolls of silence
 l - 12 scrolls of teleportation
 m - a scroll of blinking
 p - 4 scrolls of enchant weapon
 D - 6 scrolls of amnesia
 K - 6 scrolls of fear
 P - 2 scrolls of holy word
 Z - 3 scrolls of summoning
Potions
 d - 12 potions of mutation
 k - 3 potions of lignification
 o - 4 potions of curing
 q - 4 potions of cancellation
 t - 3 potions of flight
 A - 6 potions of might
 B - 4 potions of brilliance
 C - 6 potions of haste
 V - 5 potions of magic
 X - a potion of attraction
Miscellaneous
 y - a phantom mirror
 N - a tin of tremorstones (2/2)
 O - a phantom mirror
 Q - a box of beasts


   Skills:
 - Level 10.0 Fighting
 - Level 9.0(13.6) Short Blades
 - Level 4.1(7.1) Long Blades
 - Level 3.0 Axes
 - Level 7.0(11.5) Dodging
 - Level 11.8(16.0) Stealth
 - Level 13.4(16.0) Shields
 + Level 18.2 Spellcasting
 - Level 9.1(12.0) Conjurations
 - Level 12.4(15.1) Summonings
 - Level 5.0(8.0) Translocations
 - Level 7.2(10.3) Transmutations
 - Level 4.0(6.8) Air Magic
 - Level 9.1(12.0) Earth Magic
 - Level 5.0(8.0) Poison Magic


You had 13 spell levels left.
You knew the following spells:

 Your Spells              Type           Power        Failure   Level
a - Blink                 Tloc           N/A          1%          2
b - Mephitic Cloud        Conj/Pois/Air  48%          1%          3
c - Magic Dart            Conj           100%         1%          1
d - Call Imp              Summ           63%          0%          2
e - Statue Form           Tmut/Erth      36%          2%          6
f - Summon Lightning Spi  Summ/Air       54%          1%          4
g - Summon Forest         Summ/Tloc      27%          1%          5
h - Shadow Creatures      Summ           N/A          1%          6
i - Summon Hydra          Summ           31%          2%          7
j - Iron Shot             Conj/Erth      28%          1%          6

Your spell library contained the following spells:

 Spells                   Type           Power        Failure   Level
 Summon Small Mammal      Summ           100%         0%          1
 Call Canine Familiar     Summ           63%          0%          3
 Corona                   Hex            18%          1%          1
 Corpse Rot               Necr/Air       N/A          1%          2
 Poisonous Vapours        Pois/Air       86%          1%          2
 Slow                     Hex            17%          1%          2
 Conjure Flame            Conj/Fire      38%          1%          3
 Gell's Gravitas          Tloc           22%          1%          3
 Portal Projectile        Hex/Tloc       62%          1%          3
 Summon Guardian Golem    Hex/Summ       44%          1%          3
 Leda's Liquefaction      Hex/Erth       19%          1%          4
 Petrify                  Tmut/Erth      54%          1%          4
 Summon Ice Beast         Ice/Summ       44%          1%          4
 Bolt of Magma            Conj/Fire/Erth 22%          1%          5
 Summon Demon             Summ           31%          1%          5
 Summon Mana Viper        Hex/Summ       44%          1%          5
 Confusing Touch          Hex            17%          3%          3
 Inner Flame              Hex/Fire       17%          3%          3
 Yara's Violent Unravell  Hex/Tmut       17%          4%          5
 Conjure Ball Lightning   Conj/Air       25%          4%          6
 Cause Fear               Hex            8%           12%         4
 Metabolic Englaciation   Hex/Ice        8%           32%         5
 Shatter                  Erth           28%          100%        9


Dungeon Overview and Level Annotations

Branches:
Dungeon (15/15)            Temple (1/1) D:7            Lair (6/6) D:11
  Swamp (4/4) Lair:4       Spider (4/4) Lair:4        Slime (0/5) Lair:6
    Orc (2/2) D:10            Elf (0/3) Orc:2        Vaults (4/5) D:13
  Crypt (0/3) Vaults:2     Depths (0/5) D:15

Altars:
Ashenzari
Cheibriados
Dithmenos
Elyvilon
Fedhas
Gozag
Hepliaklqana
Kikubaaqudgha
Makhleb
Nemelex Xobeh
Okawaru
Qazlal
Ru
Sif Muna
Trog
Uskayaw
Vehumet
Wu Jian
Xom
Yredelemnul
Zin
The Shining One
Beogh

Shops:
D:5 *   Orc:2 [*:*   Vaults:3 ?   Vaults:4 (

Portals:
Pandemonium: Orc:2
Trove: Vaults:1 (give 18 potions of curing)

Annotations:
D:12 1 runed translucent door, Azrael
Lair:1 exclusions: fire elemental, molten gargoyle, oklob plant and 3 more exclusions
Lair:4 3 runed translucent doors, Kaudgh's ghost, journeyman MiFi
Swamp:2 3 runed translucent doors, Vuimp's ghost, adept SpAr
Orc:1 2 transporters
Vaults:2 3 runed translucent doors, Iqesejac's ghost, legendary TeAr
Vaults:4 Margery


Innate Abilities, Weirdness & Mutations

You cannot wear most types of armour.
You are very stealthy in the water. (Stealth+)
You are amphibious.
You can wear up to eight rings at the same time.
You can use your tentacles to constrict eight enemies at once.
Your skin changes colour to match your surroundings (Stealth+).
((Your rubbery body absorbs attacks. (AC +1, EV +1)))


Message History

The hell knight completely resists.
The fireball engulfs you!
* * * LOW HITPOINT WARNING * * *
The fireball engulfs your dryad!!!
Your dryad is burned terribly!
Your dryad dies!
Your dryad's corpse disappears in a puff of smoke!
The forest abruptly stops moving.
The fireball engulfs your wolf spider!!
The fireball engulfs Margery!
Margery resists.
A yaktaur captain comes into view.
You hear a shout! x3
Casting: Summon Forest (mildly dangerous; 1% risk of failure)
Confirm with . or Enter, or press ? or * to list all spells.
You blink.
The hell knight hits your wolf spider with a +3 battleaxe of flaming!
The hell knight burns your wolf spider.
Your wolf spider dies!
Your wolf spider's corpse dissolves into shadows!
Margery points at you and mumbles some strange words.
The fireball explodes!
The fireball engulfs you!!
You die...

** ,,, , ,,+ , * * ,,
*,,, ,+ , ##+## , * ** ,,
#...#♣+ #*,∆,* * , *
♣....♣..♣ ,< *, *
#.§..c..+, ,^ * * #§p(.#
,, * * ** *
*♣♣#♣##@#♣###########. ,,
,,.♣...p..8.............
, , , ,,
,........p.............,
,, ,,,
...?.....p............ ,*
, , ,
......∩.♣(............ *
, ,
.........)....)..).... ,
,,,.♣.......(....).......
* ** * **
##########+###)##, , ,* *
* * * , +.?.)..#,,,, , *
,,, ,, , ,, +......# ,,,
,,


You could see Margery, 3 hell knights and a necromancer.

Vanquished Creatures
  Arachne (Spider:4)
  Jorgrun (D:12)
  Asterion (Vaults:2)
  2 sphinxes
  4 thorn hunters
  Kirke (Lair:6)
  Gastronok (Lair:1)
  A tentacled starspawn (Abyss:3)
  Donald (Spider:1)
  A storm dragon (Vaults:2)
  Louise (Spider:4)
  An orc warlord (Orc:2)
  5 emperor scorpions
  3 ghost moths (Spider:4)
  3 vault wardens (Vaults:2)
  A very ugly thing (Swamp:4)
  3 spriggan defenders (Vaults:2)
  An entropy weaver (Spider:3)
  2 ironheart preservers
  5 stone giants
  A vampire knight (Vaults:2)
  3 dire elephants (Lair:6)
  A spark wasp (Spider:4)
  An ettin (Vaults:4)
  An eidolon (Vaults:2)
  A fire dragon (Vaults:3)
  4 boulder beetles
  A jiangshi (Vaults:2)
  4 yaktaur captains
  A vault guard (Vaults:2)
  15 hydras
  2 ice dragons (Vaults:2)
  3 rakshasas
  2 ghost crabs
  9 centaur warriors
  A catoblepas (D:13)
  3 ogre magi
  2 shambling mangroves
  21 two-headed ogres
  4 death yaks
  A death knight (D:14)
  An anaconda (Lair:6)
  11 alligators
  A tengu warrior (D:14)
  A deep troll shaman (Vaults:1)
  A spriggan berserker (Swamp:4)
  3 orc high priests (Orc:2)
  2 deep elf knights
  4 spriggans
  A sixfirhy (Orc:2)
  A storm dragon skeleton (Abyss:3)
  Nergalle (D:12)
  6 skeletal warriors
  A deep troll (shapeshifter) (Vaults:1)
  A deep troll (Vaults:1)
  5 wizards
  2 infernal demonspawn (Orc:2)
  An unseen horror (Vaults:1)
  2 deep elf archers
  A torturous demonspawn (Orc:2)
  6 swamp dragons
  2 large abominations (Abyss:3)
  6 ironbrand convokers
  A necromancer (Vaults:2)
  A harpy (shapeshifter) (Abyss:3)
  4 orc sorcerers (Orc:2)
  A sphinx zombie (Vaults:2)
  3 harpies (Vaults:2)
  15 wolf spiders
  11 deep elf magi
  7 orb spiders
  10 orc knights
  2 manticores
  A salamander (shapeshifter) (Vaults:2)
  16 ugly things
  Maurice (D:11)
  2 worldbinders (Abyss:3)
  8 cyclopes
  17 elephants
  2 black mambas
  5 vault sentinels
  4 smoke demons (Abyss:3)
  A gargoyle (D:15)
  A torpor snail (Spider:3)
  15 cane toads
  A human zombie (Vaults:2)
  3 rime drakes
  2 orange demons
  4 centaur skeletons (D:15)
  4 kobold demonologists
  2 efreet
  6 freezing wraiths
  20 yaktaurs
  An ancient zyme (Abyss:3)
  5 demonic crawlers
  7 komodo dragons
  A catoblepas skeleton (Abyss:3)
  7 jumping spiders
  4 ghosts
  4 tengu conjurers
  A hellwing (Abyss:3)
  A jumping spider (shapeshifter) (Vaults:1)
  5 tyrant leeches
  15 hornets
  5 trolls
  A sphinx simulacrum (Vaults:3)
  6 blink frogs
  20 slime creatures
  8 bog bodies
  2 removed hippogriffs (D:11)
  A harpy skeleton (D:15)
  20 dream sheep
  25 redbacks
  An air elemental (Abyss:3)
  3 shadows
  A spriggan (shapeshifter) (Vaults:3)
  6 wyverns
  2 ynoxinuls (Abyss:3)
  A wraith (Abyss:3)
  Sigmund (D:2)
  7 tarantellas
  A vampire (D:12)
  34 yaks
  4 fire elementals (D:12)
  A hog (Lair:6)
  Eustachio (D:4)
  2 neqoxecs (Abyss:3)
  A hog (shapeshifter) (Vaults:1)
  2 steam dragons
  3 basilisks
  15 vampire mosquitoes
  Edmund (D:4)
  11 insubstantial wisps
  A warg (Orc:1)
  A chaos spawn (Abyss:3)
  A soldier ant (D:12)
  16 swamp worms
  12 water moccasins
  4 hell hounds (D:12)
  2 acid dragons
  10 removed porcupines
  7 swamp drakes
  4 ice beasts
  25 orc warriors
  7 sky beasts
  4 phantoms
  A hornet zombie (D:8)
  An ettin simulacrum (Vaults:2)
  2 eyes of draining
  6 black bears
  8 centaurs
  15 ogres
  A necrophage (D:10)
  A boggart (D:13)
  4 wolves (Lair:1)
  12 removed crocodiles
  8 big kobolds
  A big kobold (shapeshifter) (Vaults:1)
  23 bullfrogs
  An earth elemental (Abyss:3)
  A gnoll sergeant (D:9)
  A glowing shapeshifter simulacrum (Vaults:3)
  A scorpion (shapeshifter) (D:15)
  9 killer bees
  2 small abominations (Abyss:3)
  5 scorpions
  3 howler monkeys
  10 wights
  3 electric eels
  2 centaur zombies
  11 jellies
  A starcursed mass (Abyss:3)
  2 quasits
  A gnoll shaman (D:7)
  Crazy Yiuf (D:5)
  4 hounds
  26 orc priests
  14 orc wizards
  2 bullfrog skeletons
  3 iguanas
  9 worker ants
  A killer bee zombie (D:7)
  A hound zombie (D:9)
  A hound skeleton (D:11)
  2 worker ant zombies
  11 gnolls
  A howler monkey skeleton (D:8)
  10 adders
  3 shadow imps
  A white imp (D:9)
  2 ufetubi
  8 oozes
  An adder zombie (D:7)
  2 worms
  A dart slug (D:2)
  4 leopard geckos
  74 orcs
  7 giant cockroaches
  6 goblins
  4 hobgoblins
  7 jackals
  32 kobolds
  4 quokkas
  11 bats
  4 frilled lizards
  A jackal skeleton (D:5)
  8 rats
  A briar patch (Swamp:4)
1084 creatures vanquished.

Vanquished Creatures (collateral kills)
  A caustic shrike (shapeshifter) (Vaults:2)
  A tentacled starspawn (Abyss:3)
  An Executioner (Abyss:3)
  Agnes (Vaults:2)
  An ancient champion (Vaults:2)
  A daeva (Abyss:3)
  Roxanne (Swamp:3)
  A deep elf sorcerer (Vaults:3)
  2 vault wardens (Vaults:1)
  An emperor scorpion (Spider:3)
  3 ironheart preservers
  An entropy weaver (Spider:2)
  2 stone giants
  A fire dragon (Vaults:3)
  A yaktaur captain (Vaults:1)
  A vault guard (Vaults:2)
  3 hydras
  A ghost crab (Swamp:3)
  A rakshasa (Vaults:3)
  6 ogre magi
  13 two-headed ogres
  An alligator (Swamp:3)
  An orc high priest (Orc:2)
  2 glowing orange brains
  A sixfirhy (Orc:2)
  An unseen horror (Vaults:1)
  2 skeletal warriors (Vaults:2)
  A spriggan druid (Swamp:3)
  2 swamp dragons (Swamp:4)
  A wizard (Vaults:2)
  3 ironbrand convokers
  3 deep trolls (Vaults:1)
  7 orb spiders
  2 deep elf magi (Vaults:3)
  An orc knight (Vaults:4)
  9 wolf spiders
  3 orc sorcerers (Orc:2)
  A moth of wrath (Spider:3)
  3 cyclopes
  3 ugly things (D:15)
  2 vault sentinels
  A smoke demon (Abyss:3)
  A torpor snail (Spider:1)
  An orange demon (Abyss:3)
  A storm dragon simulacrum (Abyss:3)
  6 demonic crawlers
  16 yaktaurs
  A hellwing (Abyss:3)
  A catoblepas skeleton (Abyss:3)
  20 jumping spiders
  A meliai (shapeshifter) (Vaults:2)
  A wind drake (shapeshifter) (Vaults:1)
  A yaktaur skeleton (Vaults:2)
  4 slime creatures
  A tyrant leech (Swamp:3)
  5 hornets
  2 bog bodies
  A dream sheep (Lair:6)
  31 redbacks
  3 spriggans (Swamp:4)
  8 tarantellas
  A yak (Vaults:3)
  A small abomination (Abyss:3)
  A neqoxec (Orc:2)
  A warg (Orc:2)
  2 vampire mosquitoes (Swamp:3)
  3 swamp drakes (Swamp:4)
  7 orc warriors
  An ice beast (Vaults:3)
  2 centaurs (Vaults:2)
  9 ogres
  A human zombie (Vaults:2)
  3 orc priests
  2 orc wizards
  8 oozes (Lair:4)
  9 orcs (Orc:2)
  3 briar patches (Swamp:4)
  2 starspawn tentacles (Abyss:3)
255 creatures vanquished.

Vanquished Creatures (others)
  A shambling mangrove (Swamp:3)
  A demonic crawler (Spider:4)
  A redback (Spider:2)
  3 humans (Lair:6)
  A large abomination (Abyss:3)
  An ogre (Vaults:3)
  A small abomination (Abyss:3)
  An orc priest (Orc:2)
  A kobold (D:10)
  61 fungi
  78 plants
  10 snaplasher vines
  4 starspawn tentacles (Abyss:3)
164 creatures vanquished.

Grand Total: 1503 creatures vanquished

Notes
Turn   | Place    | Note
-------+----------+-------------------------------------------
     0 | D:5      | cica the Octopode Delver began the quest for the Orb.
     0 | D:5      | Reached XP level 1. HP: 16/16 MP: 1/1
    45 | D:4      | Reached XP level 2. HP: 21/21 MP: 2/2
    54 | D:4      | Noticed an ogre
   196 | D:3      | Reached XP level 3. HP: 24/26 MP: 3/3
   285 | D:2      | Noticed Sigmund
   760 | D:1      | Reached XP level 4. HP: 31/31 MP: 4/4
  1442 | D:2      | Killed Sigmund
  1442 | D:2      | Reached XP level 5. HP: 13/36 MP: 5/5
  1442 | D:2      | Reached XP level 6. HP: 15/42 MP: 6/6
  2671 | D:4      | Reached skill level 1 in Shields
  3286 | D:4      | Reached XP level 7. HP: 46/46 MP: 7/7
  3538 | D:4      | Noticed Eustachio
  3551 | D:4      | Killed Eustachio
  3747 | D:4      | Noticed Edmund
  4010 | D:4      | Killed Edmund
  4010 | D:4      | Reached XP level 8. HP: 36/52 MP: 8/8
  4930 | D:4      | Reached skill level 10 in Stealth
  4949 | D:5      | Reached skill level 1 in Long Blades
  4949 | D:5      | Reached skill level 1 in Axes
  4949 | D:5      | Reached skill level 5 in Dodging
  5300 | D:5      | Found Hyiwkeyt's General Store.
  5341 | D:5      | Found an ornate altar of the Wu Jian Council.
  5396 | D:5      | Found a runed translucent door.
  5397 | D:5      | Noticed Crazy Yiuf
  5475 | D:5      | Found a hazy altar of Hepliaklqana.
  5476 | D:5      | Found a bloodstained altar of Trog.
  5477 | D:5      | Found a shimmering blue altar of Sif Muna.
  5553 | D:5      | Killed Crazy Yiuf
  5553 | D:5      | Reached skill level 5 in Shields
  5598 | D:5      | Bought a scroll of teleportation for 39 gold pieces
  6149 | D:6      | Reached XP level 9. HP: 16/57 MP: 9/9
  7033 | D:7      | Found a bloodstained altar of Trog.
  7359 | D:7      | Found a staircase to the Ecumenical Temple.
  7367 | Temple   | Entered the Ecumenical Temple
  7590 | Temple   | Became a worshipper of Ashenzari the Shackled
  9279 | D:8      | Found a sacrificial altar of Ru.
  9728 | D:8      | Reached XP level 10. HP: 63/63 MP: 10/10
 10267 | D:8      | Reached skill level 5 in Long Blades
 10984 | D:9      | Noticed a two-headed ogre
 11466 | D:9      | Killed a two-headed ogre
 11516 | D:9      | Reached skill level 10 in Shields
 11552 | D:9      | Found a glowing silver altar of Zin.
 11922 | D:10     | Entered Level 10 of the Dungeon
 11922 | D:10     | Reached * piety under Ashenzari
 12412 | D:10     | Noticed a two-headed ogre
 12534 | D:10     | Found a staircase to the Orcish Mines.
 12684 | D:10     | Found a glowing golden altar of the Shining One.
 12695 | D:10     | Reached skill level 5 in Short Blades
 12727 | D:10     | Reached XP level 11. HP: 67/67 MP: 11/11
 12731 | D:10     | Learned a level 2 spell: Blink
 12952 | D:11     | Noticed a red ugly thing
 12953 | D:11     | Killed a red ugly thing
 12953 | D:11     | Reached skill level 1 in Translocations
 13988 | D:11     | Found a staircase to the Lair.
 13998 | D:11     | Noticed Maurice
 14012 | D:11     | Killed Maurice
 14286 | D:5      | Bought the +3 warlock's mirror {reflect} for 520 gold
                  | pieces
 14286 | D:5      | Found the +3 warlock's mirror {reflect}
 14302 | D:5      | Learned a level 3 spell: Mephitic Cloud
 14471 | Lair:1   | Entered Level 1 of the Lair of Beasts
 14473 | Lair:1   | Reached skill level 1 in Spellcasting
 14803 | Lair:1   | Found a white marble altar of Elyvilon.
 14804 | Lair:1   | Noticed an oklob plant
 14869 | Lair:1   | Noticed Gastronok
 14875 | Lair:1   | Killed Gastronok
 14875 | Lair:1   | Reached skill level 1 in Conjurations
 14875 | Lair:1   | Reached skill level 1 in Air Magic
 14875 | Lair:1   | Reached skill level 1 in Poison Magic
 15006 | Lair:1   | Reached ** piety under Ashenzari
 15028 | Lair:1   | Reached skill level 2 in Spellcasting
 15132 | Lair:1   | Reached XP level 12. HP: 5/72 MP: 15/15
 15451 | Lair:1   | Upgraded the game from 0.26-a0-611-g354ed81502 to
                  | 0.26-a0-652-gafc20e3620
 16707 | Lair:2   | Reached skill level 3 in Spellcasting
 17010 | Lair:2   | Reached skill level 5 in Translocations
 17454 | Lair:3   | Reached *** piety under Ashenzari
 18171 | Lair:4   | Found a hole to the Spider Nest.
 18312 | Lair:4   | Learned a level 1 spell: Magic Dart
 18419 | Lair:4   | Reached skill level 4 in Spellcasting
 18555 | Lair:4   | Found a runed translucent gate.
 18556 | Lair:4   | Found a runed translucent gate.
 18557 | Lair:4   | Found a runed translucent gate.
 18559 | Lair:4   | Noticed a death yak
 18597 | Lair:4   | Reached XP level 13. HP: 77/77 MP: 19/19
 18878 | Lair:4   | Reached skill level 5 in Poison Magic
 19063 | Lair:4   | Found a staircase to the Swamp.
 19265 | Lair:3   | Learned a level 2 spell: Call Imp
 19282 | Lair:4   | Reached skill level 5 in Conjurations
 19480 | Lair:4   | Noticed a minotaur
 19483 | Lair:4   | Noticed Kaudgh's ghost (journeyman MiFi)
 19765 | Lair:4   | Reached skill level 1 in Summonings
 20566 | Lair:5   | Reached skill level 5 in Spellcasting
 20971 | Lair:5   | Reached **** piety under Ashenzari
 21252 | Lair:6   | Entered Level 6 of the Lair of Beasts
 21892 | Lair:6   | Reached skill level 5 in Summonings
 22882 | Lair:6   | Upgraded the game from 0.26-a0-652-gafc20e3620 to
                  | 0.26-a0-658-gbdda728c12
 23437 | Lair:6   | Reached XP level 14. HP: 82/86 MP: 14/21
 23562 | Lair:6   | Noticed Kirke
 23593 | Lair:6   | Killed Kirke
 23593 | Lair:6   | Reached skill level 5 in Fighting
 24563 | Lair:6   | Found a staircase to the Slime Pits.
 24989 | Lair:6   | Noticed a dire elephant
 25012 | Lair:6   | Killed a dire elephant
 25361 | Lair:6   | Noticed a dire elephant
 25361 | Lair:6   | Noticed a dire elephant
 25378 | Lair:6   | Killed a dire elephant
 25384 | Lair:6   | Upgraded the game from 0.26-a0-658-gbdda728c12 to
                  | 0.26-a0-660-gc07710193c
 25707 | Lair:6   | Killed a dire elephant
 26056 | D:12     | Noticed Nergalle
 26070 | D:12     | Killed Nergalle
 26194 | D:12     | Noticed Azrael
 26555 | D:12     | Found a runed translucent door.
 26801 | D:12     | Noticed Jorgrun
 26811 | D:12     | Killed Jorgrun
 27268 | D:12     | Reached skill level 10 in Summonings
 27275 | D:12     | Learned a level 5 spell: Summon Demon
 28635 | D:13     | Found a gate to the Vaults.
 28744 | D:13     | Identified the Volume of Gliding Earth
 28752 | D:13     | Reached XP level 15. HP: 92/92 MP: 22/22
 29358 | D:14     | Learned a level 4 spell: Summon Lightning Spire
 29364 | D:14     | Learned a level 5 spell: Summon Forest
 30508 | D:14     | Found a shadowy altar of Dithmenos.
 31115 | D:15     | Entered Level 15 of the Dungeon
 31115 | D:15     | Identified the +9 flail "Uta Lec" {vorpal, rN+ Str+2 Int+2
                  | SInv}
 31179 | D:15     | Reached ***** piety under Ashenzari
 31469 | Orc:1    | Entered Level 1 of the Orcish Mines
 31624 | Orc:1    | Found a transporter.
 31633 | Orc:1    | Found a roughly hewn altar of Beogh.
 31633 | Orc:1    | Found a transporter.
 31718 | Orc:2    | Entered Level 2 of the Orcish Mines
 31988 | Orc:1    | Found a roughly hewn altar of Beogh.
 32005 | Orc:1    | Learned a level 6 spell: Statue Form
 32245 | Orc:2    | Noticed an orc warlord
 32527 | Orc:2    | Killed an orc warlord
 32527 | Orc:2    | Reached skill level 1 in Transmutations
 32527 | Orc:2    | Reached skill level 1 in Earth Magic
 32555 | Orc:2    | Found a staircase to the Elven Halls.
 33788 | Orc:2    | Found Ruatah's General Store.
 33790 | Orc:2    | Found Nidyfum's General Store.
 34728 | Orc:2    | Paralysed by an orc sorcerer for 6 turns
 34824 | Orc:2    | Found Qeufyad's Antique Armour Emporium.
 34824 | Orc:2    | Found Qatiako's Book Shoppe.
 34824 | Orc:2    | Found a one-way gate leading to the halls of Pandemonium.
 34860 | Orc:2    | Bought a condenser vane (2/2) for 300 gold pieces
 35018 | D:15     | Found a staircase to the Depths.
 35527 | D:15     | Reached XP level 16. HP: 103/103 MP: 24/24
 35805 | D:15     | Reached skill level 5 in Earth Magic
 36022 | D:15     | Reached skill level 5 in Transmutations
 36519 | Swamp:1  | Entered Level 1 of the Swamp
 36572 | Swamp:1  | Reached skill level 6 in Spellcasting
 36681 | Swamp:1  | Upgraded the game from 0.26-a0-660-gc07710193c to
                  | 0.26-a0-682-g294304f6e8
 37111 | Swamp:1  | Reduced skill Long Blades to level 5
 37119 | Swamp:1  | Upgraded the game from 0.26-a0-682-g294304f6e8 to
                  | 0.26-a0-683-g5206c1d7ac
 38044 | Swamp:2  | Found a runed translucent gate.
 38044 | Swamp:2  | Found a runed translucent gate.
 38044 | Swamp:2  | Found a runed translucent gate.
 38046 | Swamp:2  | Noticed Vuimp's ghost (adept SpAr)
 38099 | Swamp:2  | Noticed a thorn hunter
 38104 | Swamp:2  | Killed a thorn hunter
 38104 | Swamp:2  | Reached skill level 7 in Spellcasting
 38234 | Swamp:2  | Reduced skill Fighting to level 5
 38234 | Swamp:2  | Reached skill level 8 in Spellcasting
 38438 | Swamp:2  | Learned a level 6 spell: Shadow Creatures
 38679 | Swamp:3  | Noticed Roxanne
 38698 | Swamp:3  | Killed Roxanne
 38809 | Swamp:3  | Reached skill level 9 in Spellcasting
 40077 | Swamp:4  | Entered Level 4 of the Swamp
 40102 | Swamp:4  | Noticed a thorn hunter
 40114 | Swamp:4  | Killed a thorn hunter
 40848 | Swamp:4  | Noticed a thorn hunter
 40848 | Swamp:4  | Noticed a thorn hunter
 40896 | Swamp:4  | Reached skill level 10 in Spellcasting
 41086 | Swamp:4  | Reached XP level 17. HP: 75/101 MP: 30/31
 41854 | Swamp:4  | Reached skill level 11 in Spellcasting
 42083 | Swamp:4  | Got a decaying rune of Zot
 42261 | Swamp:4  | Identified the +7 hunting sling of Subterfuge {flame,
                  | Dex+3} (You found it on level 6 of the Dungeon)
 42412 | Spider:1 | Entered Level 1 of the Spider Nest
 42715 | Spider:1 | Reached skill level 12 in Spellcasting
 42959 | Spider:1 | Noticed Donald
 42968 | Spider:1 | Killed Donald
 43272 | Spider:2 | Learned a level 7 spell: Summon Hydra
 44192 | Spider:3 | Reached skill level 13 in Spellcasting
 44842 | Spider:4 | Entered Level 4 of the Spider Nest
 44853 | Spider:4 | Noticed Louise
 44860 | Spider:4 | Noticed Arachne
 44865 | Spider:4 | Killed Louise
 44869 | Spider:4 | Killed Arachne
 45336 | Spider:4 | Reached skill level 14 in Spellcasting
 45845 | Spider:4 | Reached XP level 18. HP: 108/108 MP: 0/36
 46038 | Spider:4 | Got a gossamer rune of Zot
 46685 | Vaults:1 | Entered Level 1 of the Vaults
 46913 | Vaults:1 | Reached skill level 15 in Spellcasting
 46920 | Vaults:1 | Reached skill level 5 in Fighting
 48057 | Vaults:1 | Found a portal to a secret trove of treasure.
 48778 | Vaults:2 | Reached ****** piety under Ashenzari
 49008 | Vaults:2 | Cast into level 3 of the Abyss (ironheart preserver)
 49421 | Abyss:3  | Noticed a bone dragon
 49434 | Abyss:3  | Noticed a lich
 49633 | Abyss:3  | Reached XP level 19. HP: 64/124 MP: 27/38
 49813 | Abyss:3  | Noticed a hellephant
 50008 | Vaults:2 | Escaped the Abyss
 50153 | Vaults:2 | Learned a level 6 spell: Iron Shot
 50453 | Vaults:1 | Reached skill level 10 in Fighting
 50555 | Vaults:2 | Upgraded the game from 0.26-a0-683-g5206c1d7ac to
                  | 0.26-a0-694-g74916bafe0
 50566 | Vaults:2 | Upgraded the game from 0.26-a0-694-g74916bafe0 to
                  | 0.26-a0-707-g31817bcca1
 50661 | Vaults:2 | Noticed a caustic shrike
 50667 | Vaults:2 | Killed a caustic shrike
 50667 | Vaults:2 | Reached skill level 16 in Spellcasting
 51007 | Vaults:2 | Found a staircase to the Crypt.
 51478 | Vaults:2 | Found a runed translucent gate.
 51478 | Vaults:2 | Found a runed translucent gate.
 51478 | Vaults:2 | Found a runed translucent gate.
 51509 | Vaults:2 | Noticed Iqesejac's ghost (legendary TeAr)
 51511 | Vaults:2 | Identified the amulet "Xilil" {Inacc rN+}
 52079 | Vaults:2 | Noticed Agnes
 52082 | Vaults:2 | Noticed Asterion
 52255 | Vaults:2 | Killed Asterion
 52268 | Vaults:2 | Killed Agnes
 52399 | Vaults:2 | Reached skill level 17 in Spellcasting
 53283 | Vaults:3 | Found Ytiwuduo's Magic Scroll Emporium.
 53291 | Vaults:3 | Bought a scroll of teleportation for 60 gold pieces
 53291 | Vaults:3 | Bought a scroll of teleportation for 60 gold pieces
 53291 | Vaults:3 | Bought a scroll of blinking for 150 gold pieces
 53600 | D:5      | Bought 2 potions of curing for 78 gold pieces
 54433 | Vaults:3 | Reached XP level 20. HP: 104/132 MP: 32/41
 54701 | Vaults:3 | Reached skill level 18 in Spellcasting
 54991 | Vaults:3 | Upgraded the game from 0.26-a0-707-g31817bcca1 to
                  | 0.27-a0-32-g443bf2d2ca
 55609 | Vaults:4 | Noticed Margery
 55612 | Vaults:4 | Found Vaevo's Antique Weapon Boutique.
 55631 | Vaults:4 | Killed from afar by Margery

Illustrated notes

Levels and vault maps discovered:
D:1:      lightli_arrival_maybe_door_vault, layout_basic
D:2:      layout_loops_ring, uniq_sigmund
D:3:      layout_basic
D:4:      layout_basic, ebering_dispersal_statue_hall, uniq_edmund,
          uniq_eustachio
D:5:      layout_rooms, lemuel_doored_altar, gammafunk_temple_overflow_claw,
          serial_shops, shop, minmay_holes, uniq_crazy_yiuf_cottage
D:6:      layout_rooms
D:7:      layout_basic, minmay_temple_entry_wispy, basic_altar, eino_curves_03
D:8:      layout_loops_cross, lemuel_round_altar
D:9:      layout_irregular_city, kennysheep_mini_moat, st_stairs_11
D:10:     layout_gridville, orc_0_dummy, nicolae_tso_carved_into_rock
D:11:     layout_basic, grunt_lair_entry_orc_guard_hut, minmay_diamond_spiral,
          uniq_maurice
D:12:     layout_stronghold, mikee_hates_you, uniq_nergalle, uniq_azrael,
          uniq_fannar, uniq_jorgrun
D:13:     layout_roguey, hangedman_vaults_entry_quadrant_bands
D:14:     layout_roguey, nicolae_dithmenos_through_a_glass_darkly,
          kennysheep_generic_room_4
D:15:     hangedman_depths_entry_try_elsewhere_first, layout_irregular_city,
          hangedman_decor_clover_reticule
Temple:   lightli_temple_of_artemis
Lair:1:   layout_gridlike, serial_bayou_pond_b, lemuel_oklob_altar,
          uniq_gastronok
Lair:2:   wad_woods_structure_01, layout_chaotic_city, fungi_pond_lemuel,
          minmay_lindwurm_lava
Lair:3:   layout_loops_ring, st_stairs_3
Lair:4:   lemuel_slime, layout_small_grid, palyth_hydra_swamp_entry,
          dummy_spider_entry, maelrawn_ghost_gauntlet_escape,
          beast_lair_carwin_3, grunt_megastairs_4, serial_bayou_shore_a
Lair:5:   onia_ninara_swampy_vault, layout_long_grid, wad_woods_road_04
Lair:6:   due_jungle_book, layout_misc_corridors, dpeg_slime_entry_corner,
          uniq_kirke
Swamp:1:  layout_falls_marsh, nicolae_swamp_treefoil
Swamp:2:  layout_falls_marsh, gammafunk_ghost_split,
          nicolae_swamp_dense_foliage, swamp_pool1
Swamp:3:  layout_basic_swamp, hangedman_swamp_ruin_wall, swamp_pool4,
          infiniplex_staircase_pool_2, uniq_roxanne
Swamp:4:  swamp_basic_johnstein, layout_basic_swamp
Spider:1: layout_spider_delve, uniq_donald
Spider:2: layout_spider_delve, drop_trap
Spider:3: layout_spider_delve
Spider:4: guppyfry_spider_rune, uniq_arachne, uniq_louise
Orc:1:    gammafunk_beogh_shrine, layout_diamond_mine, basic_altar,
          nicolae_orc_sculptors_studio
Orc:2:    pf_orc_diabolical, layout_caves
Vaults:1: vaults_mumra_hex, v_misc_29, nicolae_vaults_windows_and_doors_thing,
          v_alt_pattern_5, v_pattern_2, vaults_room_pool,
          ontoclasm_vaults_bender, nicolae_vaults_bisected_slash,
          nicolae_vaults_three_branches, nicolae_vaults_little_squares_3,
          st_lattice, layout_vaults_omnibox, trove_entry_hex_spiral
Vaults:2: gammafunk_vaults_ghost_tricky_traps, sword_in_stone,
          dpeg_vaults_monster_row, minmay_crypt_entry_simple_plaza, v_misc_5,
          vaults_room_ringed_pool, hangedman_vaults_corner,
          ontoclasm_vaults_ligature, v_misc_23, v_rooms_1,
          nicolae_vaults_angled_halls, vaults_standard_mumra_x,
          ontoclasm_vaults_decontamination, nicolae_vaults_shelves_hall,
          layout_vaults_chaotic_city
Vaults:3: st_lines, hangedman_vaults_slither, grunt_vaults_hallway_short,
          grunt_vaults_twisty, v_misc_5, nicolae_vaults_shelves_hall,
          ontoclasm_vaults_claustrophobia, v_misc_3, hangedman_vaults_impose,
          v_misc_14, hangedman_vaults_cutoff, vaults_room_semicircle,
          serial_ice_g, vaults_room_semicircle, layout_vaults_omnicross,
          serial_shops, nicolae_shop_temple_entry_statues_fountains
Vaults:4: v_rooms_3, grunt_vaults_hallway_long, v_misc_13, v_misc_1,
          hangedman_vaults_maws, layout_vaults_quadrants, serial_shops, shop,
          uniq_margery

Skill      XL: |  1  2  3  4  5  6  7  8  9 10 11 12 13 14 15 16 17 18 19 20 |
---------------+-------------------------------------------------------------+-----
Stealth        | 7 8 9 10 11 | 11.8
Short Blades   | 3 4 5 6 7 9 |  9.0
Dodging        | 3 4 5 6 7 |  7.0
Shields        | 2 3 5 7 10 11 13 | 13.4
Long Blades    | 2 4 6 4 |  4.1
Axes           | 2 3 |  3.0
Translocations | 3 5 |  5.0
Spellcasting   | 2 4 5 10 14 15 17 18 | 18.2
Conjurations   | 1 4 5 8 9 |  9.1
Air Magic      | 2 3 4 |  4.0
Poison Magic   | 2 4 5 |  5.0
Summonings     | 5 10 11 12 | 12.4
Fighting       | 4 5 7 4 9 10 | 10.0
Transmutations | 4 7 |  7.2
Earth Magic    | 4 7 9 |  9.1

Action                   |  1- 3 |  4- 6 |  7- 9 | 10-12 | 13-15 | 16-18 | 19-21 || total
-------------------------+-------+-------+-------+-------+-------+-------+-------++-------
Melee: Short sword       |    16 |       |       |       |       |       |       ||    16
       Tentacles         |    11 |    21 |   130 |   189 |   356 |   372 |   138 ||  1217
       Constrict         |    14 |    21 |    66 |    77 |   138 |   114 |    38 ||   468
       Dagger            |    38 |    90 |   386 |   581 |  1081 |  1069 |   381 ||  3626
       War axe           |       |       |     5 |       |       |       |       ||     5
       Falchion          |       |       |    12 |       |       |       |       ||    12
       Unarmed           |       |       |    14 |       |    11 |       |       ||    25
Throw: Stone             |     3 |     7 |     1 |     1 |       |       |       ||    12
       Dart              |       |       |       |     6 |       |       |       ||     6
 Cast: Blink             |       |       |       |     6 |    34 |    17 |     2 ||    59
       Mephitic Cloud    |       |       |       |    17 |    70 |    10 |       ||    97
       Magic Dart        |       |       |       |     2 |   104 |    57 |     6 ||   169
       Call Imp          |       |       |       |       |    44 |       |       ||    44
       Summon Demon      |       |       |       |       |     2 |       |       ||     2
       Summon Forest     |       |       |       |       |    14 |    31 |    10 ||    55
       Summon Lightning  |       |       |       |       |     3 |     3 |       ||     6
       Shadow Creatures  |       |       |       |       |       |   117 |    64 ||   181
       Statue Form       |       |       |       |       |       |    61 |    31 ||    92
       Summon Hydra      |       |       |       |       |       |    14 |     3 ||    17
       Iron Shot         |       |       |       |       |       |       |    20 ||    20
Invok: Curse Item        |       |       |     1 |     4 |     2 |       |       ||     7
       Transfer Knowledg |       |       |       |       |       |     3 |       ||     3
       Scrying           |       |       |       |       |       |     6 |     1 ||     7
 Abil: End Transformatio |       |       |       |       |       |     2 |       ||     2
Evoke: Wand              |       |       |     1 |    14 |    10 |     2 |       ||    27
       Box of beasts     |       |       |       |       |     2 |       |       ||     2
       Phantom mirror    |       |       |       |       |       |       |     1 ||     1
  Use: Scroll            |       |     1 |     7 |    12 |    23 |    14 |     2 ||    59
       Potion            |       |     1 |     5 |     2 |     8 |    15 |     4 ||    35
 Stab: Sleeping          |     8 |    12 |    29 |    44 |    29 |    35 |    12 ||   169
       Distracted        |       |       |       |     5 |     9 |    23 |    14 ||    51
       Paralysed         |       |       |       |     1 |       |     1 |     1 ||     3
       Confused          |       |       |       |    14 |    44 |     7 |     1 ||    66
       Held in net/web   |       |       |       |       |       |     3 |       ||     3
Armor: Skin              |     2 |     4 |     6 |     5 |    52 |   275 |    93 ||   437
Dodge: Dodged            |    31 |    46 |   121 |   156 |   332 |   761 |   225 ||  1672
Block: Kite shield       |       |     9 |   118 |    26 |       |       |       ||   153
       Tower shield      |       |       |       |   245 |       |       |       ||   245
       Reflection        |       |       |       |    10 |    38 |    54 |    33 ||   135
       Buckler           |       |       |       |    88 |   492 |   945 |   316 ||  1841
       Rpst.: Falchion   |       |       |     3 |       |       |       |       ||     3

Table legend: (Time is in decaauts)
 A = Elapsed time spent in this place.
 B = Non-inter-level travel time spent in this place.
 C = Inter-level travel time spent in this place.
 D = Time resting spent in this place.
 E = Time spent auto-exploring this place.
 F = Levels seen in this place.
 G = Mean time per level.
                   A        B        C        D        E       F      G
               +--------+--------+--------+--------+--------+-----+--------+
         Total |  56079 |  52486 |   3593 |  16733 |  23970 |  37 | 1515.6 |
       Dungeon |  21227 |  19261 |   1966 |   6035 |   9097 |  15 | 1415.1 |
        Temple |    321 |    314 |      7 |    193 |     74 |   1 |  321.0 |
          Lair |  11420 |  10789 |    631 |   4512 |   4061 |   6 | 1903.3 |
         Swamp |   5959 |   5870 |     89 |   2006 |   2430 |   4 | 1489.8 |
   Spider Nest |   4489 |   4331 |    158 |   1443 |   1895 |   4 | 1122.2 |
  Orcish Mines |   3351 |   3203 |    148 |   1121 |   1354 |   2 | 1675.5 |
        Vaults |   8222 |   7630 |    592 |    939 |   5059 |   4 | 2055.5 |
         Abyss |   1087 |   1087 |      0 |    482 |      0 |   1 | 1087.0 |
               +--------+--------+--------+--------+--------+-----+--------+

Top non-repeatable levels by time:
Vaults:2: 3493 daAuts
  Lair:5: 3008 daAuts
  Lair:6: 2655 daAuts
Vaults:1: 2566 daAuts
 Swamp:4: 2393 daAuts
   Orc:2: 2331 daAuts
    D:13: 2124 daAuts
     D:4: 1984 daAuts
Vaults:3: 1970 daAuts
  Lair:1: 1882 daAuts
  Lair:4: 1792 daAuts
Spider:4: 1792 daAuts
     D:8: 1777 daAuts
    D:14: 1617 daAuts
     D:7: 1553 daAuts
